 Dungeon Crawl Stone Soup version 0.29-a0-322-g68df515428 (webtiles) character file.

Game seed: 5904570136942832998

11 kae the Firebug (level 2, 0/15 HPs)
             Began as a Tengu Fire Elementalist on Apr 5, 2022.
             Slain by a jackal (1 damage)
             ... on level 2 of the Dungeon.
             The game lasted 00:00:41 (543 turns).

kae the Firebug (Tengu Fire Elementalist)            Turns: 543, Time: 00:00:41

Health: 0/15       AC:  2    Str:  8    XL:     2   Next: 25%
Magic:  3/6        EV: 12    Int: 15    God:
Gold:   34         SH:  0    Dex: 14    Spells: 2/5 levels left

rFire   . . .      SeeInvis .   d - +3 mace
rCold   . . .      Faith    .   (no shield)
rNeg    . . .      Spirit   .   a - +0 robe
rPois   .          Reflect  .   (helmet restricted)
rElec   .          Harm     .   (no cloak)
rCorr   .          Rampage  .   (no gloves)
Will    .....                   (boots unavailable)
Stlth   ++........              (no amulet)
HPRegen 0.05/turn               (no ring)
MPRegen 0.10/turn               (no ring)

@: very slightly contaminated
A: beak, talons 3
a: no special abilities


You were on level 2 of the Dungeon.
You visited 1 branch of the dungeon, and saw 2 of its levels.

You collected 34 gold pieces.

Inventory:

Hand Weapons
 d - a +3 mace (weapon)
Armour
 a - a +0 robe (worn)
Jewellery
 f - a ring of positive energy
Scrolls
 c - a scroll of teleportation {unknown}
Potions
 b - 2 potions of magic


   Skills:
 + Level 0.3 Fighting
 + Level 0.5 Armour
 + Level 2.3 Dodging
 - Level 2.0 Stealth
 + Level 2.1 Spellcasting
 + Level 1.7 Conjurations
 * Level 3.5 Fire Magic


You had 2 spell levels left.
You knew the following spells:

 Your Spells              Type           Power      Damage    Failure   Level
a - Foxfire               Conj/Fire      36%        2x1d5     8%          1
b - Scorch                Fire           24%        2d6       8%          2

Your spell library contained the following spells:

 Spells                   Type           Power      Damage    Failure   Level
 Conjure Flame            Conj/Fire      9%         6-21      22%         3
 Inner Flame              Hex/Fire       6%         N/A       32%         3
 Flame Wave               Conj/Fire      9%         2d5       58%         4


Dungeon Overview and Level Annotations

Branches:
Dungeon (2/15)

Altars:
Makhleb


Innate Abilities, Weirdness & Mutations

You have a beak for a mouth.
You have claws for feet.


Message History

There is a stone staircase leading down, spattered with blood here.
You can't go up here!
The jackal barely misses you. The jackal closely misses you.
The jackal bites you.
You climb downwards.
There is a stone staircase leading up here.
You are too injured to fight recklessly!
You are too injured to fight recklessly!
You are too injured to fight recklessly!
You are too injured to fight recklessly!
You hit the jackal but do no damage. You peck the jackal.
The jackal is heavily wounded.
The jackal closely misses you. The jackal misses you.
The jackal bites you but does no damage.
The jackal completely misses you.
Casting: Foxfire (safe; 8% risk of failure)
Confirm with . or Enter, or press ? or * to list all spells.
You conjure some foxfire!
The jackal completely misses you. The jackal bites you.
* * * LOW HITPOINT WARNING * * *
The jackal bites you.
* * * LOW HITPOINT WARNING * * *
The foxfire hits the jackal but does no damage.
The jackal is moderately wounded.
The foxfire hits the jackal.
The jackal is severely wounded.
The jackal misses you. The jackal closely misses you.
The jackal bites you but does no damage.
Casting: Foxfire (safe; 8% risk of failure)
Confirm with . or Enter, or press ? or * to list all spells.
You miscast Foxfire.
You are very lightly contaminated with residual magic.
Nothing appears to happen.
The jackal barely misses you. The jackal bites you.
* * * LOW HITPOINT WARNING * * *
Casting: Foxfire (safe; 8% risk of failure)
Confirm with . or Enter, or press ? or * to list all spells.
You conjure some foxfire!
The jackal bites you.
* * * LOW HITPOINT WARNING * * *
The jackal barely misses you. The jackal bites you.
You die...

.. # #.. # .##...
#. ..)... ..
#...... #.####
..._...
#..vv####.......
#@h..........
......h..#####.##..
##.####.## #.# #.#
#.# #.# #.#


You could see 2 jackals.

Vanquished Creatures
  3 goblins
  2 jackals (D:1)
  2 bats (D:1)
  2 frilled lizards
  A rat (D:1)
10 creatures vanquished.

Vanquished Creatures (others)
  23 foxfires
23 creatures vanquished.

Grand Total: 33 creatures vanquished

Notes
Turn   | Place    | Note
-------+----------+-------------------------------------------
     0 | D:1      | kae the Tengu Fire Elementalist began the quest for the
                  | Orb.
     0 | D:1      | Reached XP level 1. HP: 10/10 MP: 4/4
   227 | D:1      | Reached XP level 2. HP: 15/15 MP: 4/6
   252 | D:1      | Learned a level 2 spell: Scorch
   435 | D:2      | Found a burning altar of Makhleb.
   543 | D:2      | Slain by a jackal

Illustrated notes

Levels and vault maps discovered:
D:1:      matt_arrival_grand_opening, layout_basic, minmay_stone_trees_small
D:2:      layout_loops_ring, basic_altar,
          dreamdust_ecumenical_altar_sealed_demon, minmay_rat_gold_closets,
          uniq_robin

Action                   || total
-------------------------++-------
Melee: Unarmed           ||     4
       Peck              ||     2
       Mace              ||     1
 Cast: Foxfire           ||    14
  Use: Potion            ||     2
Armor: Robe              ||     9
Dodge: Dodged            ||    19

Table legend: (Time is in decaauts)
 A = Elapsed time spent in this place.
 B = Non-inter-level travel time spent in this place.
 C = Inter-level travel time spent in this place.
 D = Time resting spent in this place.
 E = Time spent auto-exploring this place.
 F = Levels seen in this place.
 G = Mean time per level.
                   A        B        C        D        E       F      G
               +--------+--------+--------+--------+--------+-----+--------+
         Total |    523 |    523 |      0 |     98 |    308 |   2 |  261.5 |
       Dungeon |    523 |    523 |      0 |     98 |    308 |   2 |  261.5 |
               +--------+--------+--------+--------+--------+-----+--------+

Top non-repeatable levels by time:
     D:1: 398 daAuts
     D:2: 125 daAuts
